 Dungeon Crawl Stone Soup version 0.30.0-18-gc0e69614cb (webtiles) character file.

Game seed: 7921175927153202808

11807 AiryTheDragon the Thaumaturge (level 11, -1/72 HPs)
             Began as a White Draconian Fire Elementalist on May 26, 2023.
             Was a Priest of the Shining One.
             Slain by a troll (2 damage)
             ... on level 11 of the Dungeon.
             The game lasted 01:56:57 (12875 turns).

AiryTheDragon the Thaumaturge (DrFE)               Turns: 12875, Time: 01:56:58

Health: -1/72      AC: 10    Str: 10    XL:     11   Next: 54%
Magic:  8/23       EV: 13    Int: 18    God:    the Shining One [***...]
Gold:   431        SH:  7    Dex: 14    Spells: 1/26 levels left

rFire   + . .        w - +2 dire flail (holy)
rCold   . . .        (shield currently unavailable)
rNeg    + . .        (body armour unavailable)
rPois   .            (helmet restricted)
rElec   .            D - +2 cloak {rCorr}
rCorr   +            (no gloves)
SInv    .            (no boots)
Will    .....        (no amulet)
Stlth   +            v - ring of fire
HPRegen 0.32/turn    O - ring of wizardry
MPRegen 0.18/turn

%: clarity, wizardry (x1)
@: divinely shielded, short of breath, glowing
A: breathe frost, AC +7, unfitting armour, cold resistance 1, cold-blooded,
clarity, frail 1
a: Breathe Frost, Renounce Religion, Divine Shield, Cleansing Flame


You were on level 11 of the Dungeon.
You worshipped the Shining One.
The Shining One was most pleased with you.
You visited 2 branches of the dungeon, and saw 12 of its levels.

You collected 627 gold pieces.
You spent 196 gold pieces at shops.

Inventory:

Hand Weapons
 d - a +0 sling
 e - a +1 dagger of electrocution
 w - a +2 dire flail of holy wrath (weapon)
 x - a +4 hand axe
 E - a +0 trident of flaming
 G - a +4 hand axe
 J - a +5 scimitar
 P - a +1 morningstar of freezing
Missiles
 g - 5 atropa-tipped darts
 k - 28 poisoned darts
 z - 3 boomerangs
 Q - 2 throwing nets
Armour
 D - a +2 cloak of preservation (worn)
 M - a +0 kite shield
Magical Staves
 j - a staff of air
 s - a staff of conjuration
 H - a staff of fire
Jewellery
 b - a ring of flight
 v - a ring of fire (left hand)
 A - a +6 ring of intelligence
 I - a ring of resist corrosion
 O - a ring of wizardry (right hand)
Wands
 B - a wand of quicksilver (8)
 R - a wand of flame (9)
Scrolls
 c - 11 scrolls of teleportation
 h - 4 scrolls of amnesia
 l - 2 scrolls of enchant armour
 n - 3 scrolls of noise
 o - a scroll of blinking
 p - 2 scrolls of fear
 t - a scroll of vulnerability {unknown}
 y - 2 scrolls of fog
 F - a scroll of magic mapping {unknown}
 K - a scroll of enchant weapon {unknown}
 L - a scroll of immolation {unknown}
Potions
 a - 3 potions of attraction
 f - 2 potions of degeneration
 i - 2 potions of haste
 m - a potion of brilliance
 q - a potion of flight
 r - 4 potions of curing
 u - 2 potions of heal wounds
 C - 2 potions of magic
 N - a potion of lignification {unknown}


   Skills:
 + Level 2.6 Fighting
 + Level 0.8 Short Blades
 + Level 2.9(3.1) Maces & Flails
 + Level 1.2(2.2) Staves
 + Level 0.7 Ranged Weapons
 + Level 0.4 Throwing
 + Level 3.5 Dodging
 + Level 2.7 Stealth
 * Level 2.1 Shields
 + Level 8.0 Spellcasting
 - Level 5.7 Conjurations
 * Level 2.6 Hexes
 * Level 4.7 Summonings
 * Level 4.7 Translocations
 * Level 3.1 Transmutations
 + Level 6.3 Fire Magic
 * Level 6.5 Ice Magic
 + Level 3.3 Air Magic
 + Level 4.2 Invocations
 + Level 3.4 Evocations


You had one spell level left.
You knew the following spells:

 Your Spells              Type           Power      Damage    Failure   Level
a - Foxfire               Conj/Fire      100%       2x1d9     1%          1
b - Scorch                Fire           88%        2d9       1%          2
c - Ensorcelled Hibernat  Hex/Ice        46%        N/A       1%          2
d - Flame Wave            Conj/Fire      43%        2d11      3%          4
e - Volatile Blastmotes   Fire/Tloc      80%        2d16      1%          3
f - Summon Ice Beast      Ice/Summ       27%        N/A       4%          4
g - Sting                 Tmut/Pois      48%        1d5       1%          1
h - Yara's Violent Unrav  Hex/Tmut       8%         3d5       32%         5
i - Spider Form           Tmut/Pois      12%        N/A       6%          3

Your spell library contained the following spells:

 Spells                   Type           Power      Damage    Failure   Level
 Necrotise                Necr           28%        1d5       4%          1
 Inner Flame              Hex/Fire       35%        N/A       1%          3
 Poisonous Vapours        Pois/Air       26%        N/A       3%          2
 Vampiric Draining        Necr           7%         2d6       12%         3
 Anguish                  Hex/Necr       6%         N/A       22%         4
 Summon Mana Viper        Hex/Summ       20%        N/A       24%         5
 Olgreb's Toxic Radiance  Pois           7%         N/A       34%         4
 Agony                    Necr           7%         N/A       69%         5
 Monstrous Menagerie      Summ           12%        N/A       98%         7
 Enfeeble                 Hex            8%         N/A       100%        7


Dungeon Overview and Level Annotations

Branches:
Dungeon (11/15)            Temple (1/1) D:4            Lair (0/5) D:10
    Orc: D:9-12

Altars:
Ashenzari
Cheibriados
Dithmenos
Elyvilon
Fedhas
Gozag
Hepliaklqana
Kikubaaqudgha
Makhleb
Nemelex Xobeh
Okawaru
Qazlal
Ru
Sif Muna
Trog
Uskayaw
Vehumet
Wu Jian
Xom
Yredelemnul
Zin
The Shining One

Shops:
D:2 (   D:3 (   D:5 *   D:10 (   D:11 =

Annotations:
D:11 2 transporters


Innate Abilities, Weirdness & Mutations

You can breathe waves of freezing cold which knock back foes.
Your icy white scales are hard. (AC +7)
You cannot fit into any form of body armour.
Your flesh is cold resistant. (rC+)
You are cold-blooded and may be slowed by cold attacks.
You possess an exceptional clarity of mind.
You are frail. (-10% HP)


Message History

The troll bites you! The troll claws you but does no damage.
The troll closely misses you.
Your ice beast hits the troll but does no damage.
You completely miss the troll.
The troll is lightly wounded.
The troll bites you but does no damage.
The troll claws you but does no damage. x2
An orc comes into view.
It is wielding a +1 hand axe of freezing.
The orc priest invokes the aid of Beogh against you.
Beogh smites you!
Your ice beast hits the troll.
Your ice beast freezes the troll!
The troll attacks as you move away! You block the troll's attack.
The troll claws you but does no damage. You block the troll's attack.
Your ice beast hits the orc.
Your ice beast freezes the orc!
The orc dies!
The troll attacks as you move away! The troll bites you.
The troll closely misses you. The troll claws you but does no damage.
The troll attacks as you move away! The troll barely misses you.
You block the troll's attack. The troll barely misses you.
The orc barely misses your ice beast.
You have got your breath back.
The troll attacks as you move away! You block the troll's attack.
The troll closely misses you. The troll claws you but does no damage.
Aiming: Breathe Frost (3% risk of failure)
Press: ? - help, Shift-Dir - straight line, f/p - troll
Aim: a troll (heavily wounded, ally target, haloed, 79% to hit)
You exhale a wave of freezing cold.
The freezing breath hits the troll.
The troll is heavily wounded.
The troll is knocked back by the freezing wind.
The troll slams into the rock wall!
The troll is heavily wounded.
The freezing breath hits the troll.
The troll is severely wounded.
An orc priest comes into view. It is wielding a +0 club.
Your ice beast misses the troll.
The troll attacks as you move away! The troll bites you!
* * * LOW HITPOINT WARNING * * *
The troll claws you!
* * * LOW HITPOINT WARNING * * *
The troll claws you.
You die...

#.......#..##.....#≈≈≈♣...♣#.
+.......#..##.....##≈≈≈♣.♣##.
#.......#..........### ####..
#.......#...........# ###
#......####.........#
#......#∩.♣.........#.....#
#......#............#.....
#####.....>#♣...........#....
....#.......'...@T.##...#...
....#.......#..##.Y######..
....'.......#..##..o.oo.#.#
....#.......#..#.......o#.#
....#..<....#..##..##...).#
....#.......#..##..##...#)#
....#.......#..##..##...#.)...T..
....#.......#..##..######.#..#..{
....#......[#......#....#.#.)#


You could see a troll (ally target), an orc priest (distracted), 2 orcs and a
friendly ice beast (summoned).

Vanquished Creatures
  Harold (D:11)
  5 two-headed ogres
  Maurice (D:8)
  Psyche (D:10)
  3 unseen horrors (D:11)
  Maggie (D:7)
  A komodo dragon (D:10)
  A troll (D:11)
  Prince Ribbit (D:6)
  Grinder (D:5)
  2 wyverns
  7 yaks
  Eustachio (D:6)
  Edmund (D:6)
  An acid dragon (D:8)
  2 water moccasins (D:9)
  2 ice beasts (D:6)
  2 orc warriors
  2 ogres
  3 centaurs
  3 phantoms
  A nameless horror (D:10)
  2 kobold brigands (D:9)
  3 bullfrogs
  2 scorpions
  A gnoll sergeant (D:7)
  9 wights
  3 killer bees (D:8)
  3 vampire bats (D:8)
  A howler monkey (D:4)
  2 hounds
  3 orc priests
  A jelly (D:4)
  Crazy Yiuf (D:6)
  A gnoll bouda (D:7)
  A sleepcap (D:6)
  2 iguanas (D:6)
  7 orc wizards
  12 gnolls
  4 adders
  3 ufetubi
  2 worms
  2 dart slugs
  21 orcs
  4 bats
  2 bat skeletons (D:8)
  4 bat zombies (D:8)
  5 endoplasms
  2 giant cockroaches
  20 goblins
  9 hobgoblins
  3 quokkas
  7 ball pythons
  2 frilled lizards
  22 kobolds
  8 rats
217 creatures vanquished.

Vanquished Creatures (collateral kills)
  A two-headed ogre (D:11)
  A troll (D:10)
  A bullfrog (D:10)
  2 orcs (D:11)
5 creatures vanquished.

Vanquished Creatures (others)
  370 foxfires
370 creatures vanquished.

Grand Total: 592 creatures vanquished

Notes
Turn   | Place    | Note
-------+----------+-------------------------------------------
     0 | D:1      | AiryTheDragon the Draconian Fire Elementalist began the
                  | quest for the Orb.
     0 | D:1      | Reached XP level 1. HP: 14/14 MP: 3/3
   344 | D:1      | Reached XP level 2. HP: 19/20 MP: 5/5
   808 | D:2      | Learned a level 2 spell: Scorch
   811 | D:2      | Learned a level 2 spell: Ensorcelled Hibernation
   879 | D:2      | Found a glowing golden altar of the Shining One.
   886 | D:2      | Became a worshipper of the Shining One
  1056 | D:2      | Reached XP level 3. HP: 26/26 MP: 4/6
  1223 | D:2      | Found Saomn's Weapon Boutique.
  1505 | D:2      | Reached skill level 1 in Invocations
  2075 | D:3      | Found Ylaqubb's Weapon Shop.
  2101 | D:3      | Found an ornate altar of the Wu Jian Council.
  2184 | D:3      | Reached XP level 4. HP: 33/33 MP: 4/7
  2514 | D:3      | Found a faded altar of an unknown god.
  3062 | D:4      | Noticed a phantom
  3099 | D:4      | Noticed a phantom
  3108 | D:4      | Killed a phantom
  3109 | D:4      | Reached skill level 1 in Evocations
  3109 | D:4      | Reached XP level 5. HP: 23/38 MP: 2/9
  3202 | D:4      | Noticed a +0 dagger
  3202 | D:4      | Noticed a +0 dagger
  3204 | D:4      | Found a hide-covered altar of Uskayaw.
  3414 | D:4      | Reached skill level 3 in Spellcasting
  3429 | D:4      | Found a staircase to the Ecumenical Temple.
  3444 | Temple   | Entered the Ecumenical Temple
  3588 | D:4      | Killed a phantom
  3589 | D:4      | Reached XP level 6. HP: 44/46 MP: 6/10
  3618 | D:4      | Learned a level 4 spell: Flame Wave
  3733 | D:4      | Found a snail-covered altar of Cheibriados.
  3832 | D:4      | Found an opulent altar of Gozag.
  3874 | D:4      | Found a white marble altar of Elyvilon.
  4153 | D:5      | Entered Level 5 of the Dungeon
  4164 | D:5      | Noticed Grinder
  4164 | D:5      | Reached * piety under the Shining One
  4176 | D:5      | Paralysed by Grinder for 4 turns
  4186 | D:5      | Killed Grinder
  4187 | D:5      | Your scales start taking on an icy white colour.
  4187 | D:5      | Reached XP level 7. HP: 26/51 MP: 2/12
  4187 | D:5      | Gained mutation: Your flesh is cold resistant. (rC+) [White
                  | Draconian growth]
  4191 | D:5      | Learned a level 3 spell: Volatile Blastmotes
  4369 | D:5      | Found a sacrificial altar of Ru.
  4599 | D:5      | Reached skill level 4 in Spellcasting
  4685 | D:5      | Reached skill level 1 in Fighting
  5015 | D:5      | Found Urinebick's General Store.
  5025 | D:5      | Bought a scroll of teleportation for 42 gold pieces
  5025 | D:5      | Bought 3 scrolls of identify for 84 gold pieces
  5025 | D:5      | Bought a potion of heal wounds for 70 gold pieces
  5412 | D:6      | Noticed Prince Ribbit
  5419 | D:6      | Killed Prince Ribbit
  5420 | D:6      | Reached skill level 1 in Ice Magic
  5420 | D:6      | Reached XP level 8. HP: 37/59 MP: 4/14
  5714 | D:6      | Noticed Edmund
  5752 | D:6      | Killed Edmund
  5907 | D:6      | Found an iron altar of Okawaru.
  5926 | D:6      | Reached skill level 5 in Spellcasting
  6090 | D:6      | Noticed Eustachio
  6200 | D:6      | Killed Eustachio
  6387 | D:6      | Reached skill level 1 in Maces & Flails
  6595 | D:6      | Found a runed translucent door.
  6596 | D:6      | Noticed Crazy Yiuf
  6607 | D:6      | Killed Crazy Yiuf
  6793 | D:7      | Found a glowing silver altar of Zin.
  6858 | D:7      | Reached skill level 1 in Translocations
  6858 | D:7      | Reached skill level 1 in Air Magic
  6858 | D:7      | Reached XP level 9. HP: 14/67 MP: 1/17
  7240 | D:7      | Reached ** piety under the Shining One
  7367 | D:7      | Learned a level 4 spell: Summon Ice Beast
  7526 | D:7      | Noticed Maggie
  7534 | D:7      | Killed Maggie
  7535 | D:7      | Reached skill level 5 in Fire Magic
  7670 | D:7      | Found a sparkling altar of Nemelex Xobeh.
  7942 | D:8      | Reached skill level 1 in Summonings
  8075 | D:8      | Found a burning altar of Makhleb.
  8377 | D:8      | Found a hazy altar of Hepliaklqana.
  8378 | D:8      | Noticed Maurice
  8387 | D:8      | Killed Maurice
  8388 | D:8      | Reached skill level 6 in Spellcasting
  8998 | D:8      | Reached skill level 1 in Staves
  9101 | D:8      | Found an ancient bone altar of Kikubaaqudgha.
  9240 | D:9      | Learned a level 1 spell: Sting
  9451 | D:9      | Reached skill level 5 in Ice Magic
  9453 | D:9      | Noticed a two-headed ogre
  9453 | D:9      | Reached *** piety under the Shining One
  9457 | D:9      | Reached XP level 10. HP: 73/73 MP: 7/19
  9462 | D:9      | Killed a two-headed ogre
  9627 | D:9      | Reached skill level 5 in Conjurations
  9989 | D:9      | Noticed a two-headed ogre
 10275 | D:9      | Killed a two-headed ogre
 10276 | D:9      | Reached skill level 7 in Spellcasting
 10422 | D:9      | Learned a level 5 spell: Yara's Violent Unravelling
 10594 | D:10     | Entered Level 10 of the Dungeon
 10613 | D:10     | Noticed Psyche
 10737 | D:10     | Gained mutation: You are frail. (-10% HP) [potion of
                  | mutation]
 10737 | D:10     | Gained mutation: You possess an exceptional clarity of
                  | mind. [potion of mutation]
 10765 | D:10     | Reached skill level 1 in Transmutations
 10769 | D:10     | Found a broken altar of Ashenzari.
 10967 | D:10     | Reached skill level 1 in Hexes
 11191 | D:10     | Killed Psyche
 11391 | D:10     | Noticed a two-headed ogre
 11398 | D:10     | Killed a two-headed ogre
 11399 | D:10     | Reached XP level 11. HP: 42/72 MP: 10/22
 11684 | D:10     | Found Egocilodu's Antique Weapon Shop.
 11703 | D:10     | Found a shimmering blue altar of Sif Muna.
 11721 | D:10     | Found a staircase to the Lair.
 11827 | D:10     | Found a bloodstained altar of Trog.
 11912 | D:11     | Found a transporter.
 11915 | D:11     | Noticed a fire crab
 11915 | D:11     | Noticed a fire crab
 11946 | D:11     | Found a hazy altar of Hepliaklqana.
 11989 | D:11     | Found a transporter.
 12043 | D:11     | Reached skill level 1 in Shields
 12207 | D:11     | Noticed a two-headed ogre
 12207 | D:11     | Noticed a two-headed ogre
 12231 | D:10     | Killed a two-headed ogre
 12356 | D:11     | Learned a level 3 spell: Spider Form
 12371 | D:11     | Killed a two-headed ogre
 12542 | D:11     | Found Bist's Jewellery Emporium.
 12593 | D:11     | Noticed Harold
 12610 | D:11     | Killed Harold
 12848 | D:11     | Noticed a two-headed ogre
 12861 | D:11     | Killed a two-headed ogre
 12862 | D:11     | Reached skill level 8 in Spellcasting
 12875 | D:11     | HP: 1/72 [troll (10)]
 12875 | D:11     | Slain by a troll

Illustrated notes

Levels and vault maps discovered:
D:1:      elethiomel_arrival_diamonds, layout_basic
D:2:      minmay_evil_eye, layout_basic, serial_curves, eino_curves_01,
          eino_curves_04, eino_curves_03, basic_altar, serial_shops, shop,
          minmay_between
D:3:      cheibrodos_greedy_goblins, layout_loops_cross,
          pdpol_wu_jian_five_deadly_venoms,
          shapermc_ecumenical_altar_mp_highgroup, serial_shops,
          nicolae_shop_window_shopping, skrybe_limestone_x
D:4:      layout_loops_ring, elyvilon_altar_1,
          nicolae_gozag_cash_rules_everything_around_me,
          mainiacjoe_overflow_paths, dancing_weapons_uskayaw,
          minmay_temple_entry_statues_fountains
D:5:      layout_loops_corners, nicolae_ru_sacrificial_ziggurat, serial_shops,
          nicolae_shop_waterfront, serial_rivers,
          chequers_serial_rivers_micro_e, chequers_serial_rivers_room_b,
          chequers_serial_rivers_micro_d, chequers_serial_rivers_small_b,
          uniq_grinder
D:6:      layout_loops_ring, general_overflow_altar, uniq_edmund,
          uniq_prince_ribbit1, uniq_eustachio, uniq_crazy_yiuf_cottage
D:7:      layout_basic, mainiacjoe_overflow_concentric_impassable,
          nemelex_spade_bored_becter, uniq_maggie
D:8:      layout_basic, kennysheep_vampire_church,
          mainiacjoe_overflow_small_starburst, lemuel_tele_altar, uniq_maurice
D:9:      layout_rooms
D:10:     layout_cave_pools, kennysheep_mini, mainiacjoe_overflow_boulevard,
          trog_hazing_becter, grunt_lair_entry_orc_guard_hut, serial_shops,
          nicolae_shop_window_shopping, kennysheep_minor_cross, uniq_psyche
D:11:     gammafunk_cloud_chamber, layout_gridville, erik_orc_1, serial_shops,
          nicolae_shop_pleasant_corner_grove, worldfamousw_hep_ancestral_shrine,
          uniq_harold
Temple:   hellmonk_temple_of_storms

Skill      XL: |  1  2  3  4  5  6  7  8  9 10 11 |
---------------+----------------------------------+-----
Dodging        | 2 3 |  3.5
Stealth        | 2 |  2.7
Invocations    | 1 2 3 4 |  4.2
Evocations     | 1 2 3 |  3.4
Spellcasting   | 3 4 5 6 7 8 |  8.0
Fire Magic     | 4 3 4 5 6 |  6.3
Conjurations   | 2 3 4 5 |  5.7
Fighting       | 1 2 |  2.6
Ice Magic      | 1 3 5 6 |  6.5
Maces & Flails | 1 2 |  2.9
Translocations | 1 2 3 4 |  4.7
Air Magic      | 1 2 3 |  3.3
Summonings     | 2 4 |  4.7
Staves         | 1 |  1.2
Transmutations | 2 3 |  3.1
Hexes          | 1 2 |  2.6
Shields        | 2 |  2.1
Short Blades   | |  0.8
Ranged Weapons | |  0.7
Throwing       | |  0.4

Action                     |  1- 3 |  4- 6 |  7- 9 | 10-12 || total
---------------------------+-------+-------+-------+-------++-------
  Melee: Unarmed           |     9 |       |       |       ||     9
         Dagger            |    29 |    25 |    40 |       ||    94
         Tailslap          |     1 |     5 |    13 |    17 ||    36
         Punch             |     1 |     1 |       |       ||     2
         Staff             |       |    21 |     5 |       ||    26
         Dire flail        |       |       |    48 |    81 ||   129
   Fire: Sling             |    14 |       |       |       ||    14
  Throw: Dart              |     3 |       |     5 |       ||     8
         Boomerang         |       |       |     1 |       ||     1
   Cast: Foxfire           |    46 |    23 |    93 |    51 ||   213
         Scorch            |     5 |    23 |    87 |    72 ||   187
         Ensorcelled Hiber |       |     2 |     2 |     2 ||     6
         Flame Wave        |       |       |     2 |     3 ||     5
         Summon Ice Beast  |       |       |     2 |    24 ||    26
         Sting             |       |       |       |     2 ||     2
         Spider Form       |       |       |       |     1 ||     1
 Invoke: Divine Shield     |       |       |     1 |     1 ||     2
Ability: Breathe Frost     |       |       |     3 |     7 ||    10
  Evoke: Wand              |       |       |     1 |       ||     1
    Use: Scroll            |     2 |       |    15 |     5 ||    22
         Potion            |       |     1 |       |     6 ||     7
   Stab: Sleeping          |     2 |       |       |       ||     2
 Armour: Skin              |    18 |    17 |    53 |    59 ||   147
  Dodge: Dodged            |    31 |    37 |   109 |    98 ||   275
  Block: Other             |       |       |     8 |     5 ||    13
